 Dungeon Crawl Stone Soup version 0.22-a0-580-gd5db89c (webtiles) character file.

7065 Amnesiac the Destroyer (level 10, -24/69 HPs)
             Began as a Demigod Wizard on July 3, 2018.
             Hit by a large rock thrown by a cyclops (35 damage)
             ... on level 11 of the Dungeon.
             The game lasted 00:18:48 (9004 turns).

Amnesiac the Destroyer (Demigod Wizard)             Turns: 9004, Time: 00:18:48

Health: -24/69     AC: 11    Str: 10    XL:     10   Next: 54%
Magic:  0/28       EV: 12    Int: 28    God:
Gold:   444        SH:  0    Dex: 14    Spells: 18/29 levels left

rFire    + . .     SeeInvis .   a - +2 flail (drain)
rCold    . . .     Gourm    .   (no shield)
rNeg     . . .     Faith    .   F - +3 leather armour
rPois    .         Spirit   +   (no helmet)
rElec    .         Reflect  .   v - +0 cloak
rCorr    .         Harm     .   f - +1 pair of gloves
MR       +....                  (no boots)
Stlth    ++........             i - amulet of guardian spirit
HPRegen  0.21/turn              G - +2 ring of protection
MPRegen  0.21/turn              y - ring of protection from fire

@: drained
A: high mp 1
a: no special abilities


You were on level 11 of the Dungeon.
You were not hungry.

You visited 1 branch of the dungeon, and saw 9 of its levels.

You collected 444 gold pieces.

Inventory:

Hand Weapons
 a - a +2 flail of draining (weapon)
 b - a +2 quarterstaff of chaos
 g - a +0 dagger
Armour
 f - a +1 pair of gloves (worn)
 v - a +0 cloak (worn)
 F - a +3 leather armour (worn)
 H - a +0 robe
 J - +0 steam dragon scales
Jewellery
 i - an amulet of guardian spirit (around neck)
 m - an uncursed ring of wizardry
 y - a ring of protection from fire (right hand)
 z - a +3 ring of strength
 G - a +2 ring of protection (left hand)
Wands
 x - a wand of flame (11)
 B - a wand of polymorph (17)
Scrolls
 c - 2 scrolls of blinking {!r}
 h - 2 scrolls of fear {!r}
 k - 2 scrolls of magic mapping {!r}
 n - 3 scrolls of remove curse {!r}
 o - 2 scrolls of identify {!r}
 q - 3 scrolls of teleportation {!r}
 s - a scroll of random uselessness {!r}
 t - a scroll of enchant weapon {!r}
 C - 2 scrolls of amnesia {!r}
Potions
 e - a potion of agility {!q}
 j - a potion of flight {!q}
 l - 3 potions of resistance {!q}
 p - a potion of heal wounds {!q}
 r - 2 potions of invisibility {!q}
 u - 3 potions of curing {!q}
 w - a potion of mutation {!q}
 D - a potion of ambrosia {!q}
 E - a potion of magic {!q}
Miscellaneous
 I - a sack of spiders
Comestibles
 d - 18 rations
 A - 6 chunks of flesh


   Skills:
 - Level 1.7 Dodging
 - Level 1.7 Stealth
 + Level 10.2(10.1) Spellcasting
 + Level 11.0(10.9) Conjurations
 - Level 0.8 Summonings
 - Level 0.8 Translocations


You had 18 spell levels left.
You knew the following spells:

 Your Spells              Type           Power        Failure   Level  Hunger
a - Magic Dart            Conj           ####         1%          1    None
b - Call Imp              Summ           ###.....     6%          2    None
e - Mephitic Cloud        Conj/Pois/Air  ####....     3%          3    None
s - Conjure Flame         Conj/Fire      #####...     1%          3    None
v - Blink                 Tloc           N/A          6%          2    None

Your spell library contained the following spells:

 Spells                   Type           Power        Failure   Level  Hunger
 Slow                     Hex            ##......     9%          2    None


Dungeon Overview and Level Annotations

Branches:
Dungeon (8/15)             Temple (0/1) D:4
   Lair: D:8-11


Innate Abilities, Weirdness & Mutations

You have an increased reservoir of magic. (+10% MP)


Message History

You barely miss the kobold demonologist.
The kobold demonologist is heavily wounded.
The white imp gestures at you. The puff of frost hits you!
* * * LOW HITPOINT WARNING * * *
The kobold demonologist casts a cantrip, but nothing happens.
Casting: Mephitic Cloud (safe; 1% risk of failure)
Confirm with . or Enter, or press ? or * to list all spells.
A beastly little devil appears in a puff of frigid air.
The white imp closely misses you.
Casting: Call Imp (safe; 2% risk of failure)
Confirm with . or Enter, or press ? or * to list all spells.
A beastly little devil appears in a puff of flame.
The white imp hits you but does no damage.
The kobold demonologist gestures wildly while chanting.
Your white imp freezes the kobold.
The kobold dies!
You swap places.
The white imp misses your crimson imp.
Your white imp freezes the kobold demonologist.
Really read
o - 3 scrolls of identify {!r}?
As you read the scroll of identify {!r}, it crumbles to dust.
s - a scroll of random uselessness {!r} The white imp gestures at you.
The puff of frost hits your crimson imp.
Your crimson imp is frozen!
Your crimson imp dies!
The crimson imp blinks!
Put on which piece of jewellery? (? for menu, Esc to quit)
You're wearing all the rings you can.
Remove which one? (? for menu, Esc to cancel) < or
y - a ring of protection from fire; > or
m - a ring of wizardry You remove your ring of protection from fire.
G - a +2 ring of protection (left hand)
The kobold demonologist miscasts a cantrip.
Put on which piece of jewellery? (? for menu, Esc to quit)
You're wearing all the rings you can.
Remove which one? (? for menu, Esc to cancel) < or
G - a +2 ring of protection; > or
m - a ring of wizardry You remove your ring of wizardry.
The white imp hits you but does no damage.
y - a ring of protection from fire (right hand)
Your white imp freezes the kobold.
The kobold dies!
Casting: Call Imp (safe; 6% risk of failure)
Confirm with . or Enter, or press ? or * to list all spells.
Okay, then.
The white imp hits you but does no damage.
The kobold demonologist gestures wildly while chanting.
You hear the brisk ticking of a distant clock.
The shadow imp gestures at you. Pain shoots through your body!
* * * LOW HITPOINT WARNING * * *
You hear a blaring wail to the west.
You hear a shout! x3
You hear a deafening roar!
You hear a shout!
You hear an angry hiss.
You hear a bellow! x3; You hear a shout!
You hear an angry hiss.
You hear a shout! x5
Your white imp disappears in a puff of smoke!
A quokka comes into view.
The quokka twitches its whiskers.
A cyclops comes into view.
The cyclops shouts!
The cyclops throws a large rock.
The large rock hits you!!!
Ouch! That really hurt!
You die...

C.... #...# #...#
#...# #...# ...
####### #.#
###...(.# #@#
#54.5.#.####.####.#
#K###.#.##..........
#.# #.#.##r#.####.##
##†###5#.##.#.#
#....K5..##...#
#.###.#.§.....# #5#
#.5######.# #)###.##
#.#


You could see a cyclops and a quokka.

Vanquished Creatures
  3 two-headed ogres (D:8)
  A cyclops (D:11)
  Grinder (D:3)
  A hippogriff (D:8)
  Sigmund (D:5)
  A yak (D:8)
  2 hogs (D:8)
  A wyvern (D:11)
  A human (D:8)
  A steam dragon (D:11)
  A soldier ant (D:8)
  3 orc warriors
  2 black bears
  An ice beast (D:5)
  2 sky beasts (D:7)
  A phantom (D:5)
  3 ogres
  3 centaurs
  2 big kobolds
  4 bullfrogs
  3 scorpions
  3 wights (D:8)
  A bullfrog zombie (D:5)
  5 crimson imps
  2 jellies
  An orc priest (D:6)
  2 hounds
  Crazy Yiuf (D:3)
  A centaur skeleton (D:4)
  Jessica (D:3)
  8 worker ants
  Ijyb (D:3)
  3 iguanas
  8 orc wizards
  A statue (D:8)
  2 killer bee zombies
  A worker ant zombie (D:7)
  A howler monkey skeleton (D:4)
  3 gnolls
  10 adders
  A shadow imp (D:7)
  2 worms
  A dart slug (D:2)
  5 leopard geckos
  24 orcs
  4 giant cockroaches
  6 goblins
  5 hobgoblins
  22 jackals
  8 quokkas
  2 ball pythons
  A ball python skeleton (D:4)
  10 bats
  6 frilled lizards
  16 kobolds
  A leopard gecko skeleton (D:4)
  5 rats
  A fungus (D:3)
213 creatures vanquished.

Vanquished Creatures (collateral kills)
  A crimson imp (D:5)
  2 kobolds (D:11)
3 creatures vanquished.

Grand Total: 216 creatures vanquished

Notes
Turn   | Place    | Note
-------+----------+-------------------------------------------
     0 | D:1      | Amnesiac the Demigod Wizard began the quest for the Orb.
     0 | D:1      | Reached XP level 1. HP: 14/14 MP: 6/6
    73 | D:1      | Reached skill level 1 in Conjurations
   429 | D:1      | Reached XP level 2. HP: 20/20 MP: 6/8
   451 | D:1      | Learned a level 2 spell: Blink
   454 | D:1      | Learned a level 2 spell: Call Imp
   630 | D:1      | Reached skill level 2 in Conjurations
   762 | D:1      | Reached XP level 3. HP: 21/26 MP: 1/10
   767 | D:1      | Learned a level 3 spell: Mephitic Cloud
  1329 | D:2      | Reached skill level 3 in Conjurations
  1466 | D:2      | Found a glowing silver altar of Zin.
  1878 | D:2      | Found a faded altar of an unknown god.
  2175 | D:3      | Noticed Jessica
  2183 | D:3      | Killed Jessica
  2183 | D:3      | Reached XP level 4. HP: 28/33 MP: 5/11
  2607 | D:3      | Noticed Ijyb
  2609 | D:3      | Noticed Grinder
  2624 | D:3      | Killed Grinder
  2624 | D:3      | Reached skill level 4 in Conjurations
  2624 | D:3      | Reached XP level 5. HP: 10/38 MP: 7/14
  2624 | D:3      | Reached XP level 6. HP: 12/45 MP: 7/15
  2643 | D:3      | Killed Ijyb
  2938 | D:3      | Found a basalt altar of Yredelemnul.
  3038 | D:3      | Found a runed door.
  3042 | D:3      | Noticed Crazy Yiuf
  3051 | D:3      | Killed Crazy Yiuf
  3121 | D:4      | Learned a level 3 spell: Conjure Flame
  3189 | D:4      | Reached skill level 5 in Conjurations
  3440 | D:4      | Found a staircase to the Ecumenical Temple.
  3945 | D:5      | Entered Level 5 of the Dungeon
  3951 | D:5      | Reached skill level 5 in Spellcasting
  3953 | D:5      | Reached XP level 7. HP: 50/50 MP: 12/17
  4385 | D:5      | Reached skill level 6 in Conjurations
  4878 | D:5      | Found a hide-covered altar of Uskayaw.
  5015 | D:6      | Noticed Sigmund
  5148 | D:6      | Found a shattered altar of Ashenzari.
  5238 | D:6      | Reached XP level 8. HP: 31/57 MP: 7/21
  5278 | D:6      | Reached skill level 7 in Conjurations
  5766 | D:5      | Killed Sigmund
  5889 | D:6      | Found a glowing golden altar of the Shining One.
  6206 | D:7      | Reached skill level 8 in Conjurations
  6518 | D:7      | Reached XP level 9. HP: 62/62 MP: 21/24
  6828 | D:7      | Found a bloodstained altar of Trog.
  7144 | D:8      | Noticed a two-headed ogre
  7209 | D:8      | Noticed a two-headed ogre
  7217 | D:8      | Killed a two-headed ogre
  7217 | D:8      | Reached skill level 9 in Conjurations
  7220 | D:8      | Learned a level 1 spell: Magic Dart
  7301 | D:8      | Noticed a two-headed ogre
  7314 | D:8      | Killed a two-headed ogre
  7721 | D:8      | Found a radiant altar of Vehumet.
  7902 | D:8      | Reached XP level 10. HP: 69/69 MP: 19/27
  8018 | D:8      | Killed a two-headed ogre
  8018 | D:8      | Reached skill level 10 in Conjurations
  8897 | D:8      | You fall through a shaft for 3 floors!
  8897 | D:11     | Noticed a cyclops
  8903 | D:11     | Killed a cyclops
  8903 | D:11     | Reached skill level 10 in Spellcasting
  8955 | D:11     | Reached skill level 11 in Conjurations
  8990 | D:11     | Noticed a rust devil
  9004 | D:11     | Noticed a cyclops
  9004 | D:11     | Hit by a large rock thrown by a cyclops

Vault maps used:
D:1:      evilmike_arrival_rings
D:2:      zin_scriptorium, chequers_ecumenical_altar_lobes, grunt_ministairs_9
D:3:      lemuel_coloured_pillars_altar, nicolae_overflow_hidden_temple,
          first_ration, minmay_ruptured, uniq_crazy_yiuf_cottage, uniq_grinder,
          uniq_ijyb, uniq_jessica
D:4:      minmay_temple_entry_statues_fountains, hangedman_decor_opposing,
          kennysheep_generic_room_4
D:5:      kennysheep_mini_moat, minivault_14, st_stairs_11, chequers_big_river,
          kennysheep_generic_room_8
D:6:      kennysheep_little_box, cheibrodos_ashenzari_chains, uniq_sigmund
D:7:      trog_ov_bears_minmay, hex_tiny
D:8:      vehumet_statue, grunt_livestock
D:11:     dpeg_lair_monsters, lab_entry_generic, uniq_erica, uniq_psyche

Skill      XL: |  1  2  3  4  5  6  7  8  9 10 |
---------------+-------------------------------+-----
Conjurations   | 1 2 3 4 5 6 8 9 11 | 11.0
Spellcasting   | 3 4 5 6 7 9 10 | 10.2
Dodging        | |  1.7
Stealth        | |  1.7
Summonings     | |  0.8
Translocations | |  0.8

Action                   |  1- 3 |  4- 6 |  7- 9 | 10-12 || total
-------------------------+-------+-------+-------+-------++-------
Melee: Unarmed           |    10 |       |       |       ||    10
       Dagger            |     9 |    73 |     5 |       ||    87
       Quarterstaff      |       |       |   148 |    68 ||   216
       Flail             |       |       |       |    22 ||    22
 Cast: Magic Dart        |   103 |    75 |   192 |    34 ||   404
       Blink             |     5 |       |     1 |       ||     6
       Mephitic Cloud    |       |     6 |    24 |    13 ||    43
       Conjure Flame     |       |     5 |    17 |     4 ||    26
       Call Imp          |       |     4 |       |     3 ||     7
Evoke: Wand              |       |     7 |       |     3 ||    10
  Use: Scroll            |       |       |    17 |     1 ||    18
       Potion            |       |       |     2 |       ||     2
 Stab: Sleeping          |     1 |     1 |       |       ||     2
       Confused          |       |     4 |     7 |     2 ||    13
       Paralysed         |       |       |     1 |       ||     1
  Eat: Chunk             |     4 |     6 |    12 |     4 ||    26
Armor: Robe              |     8 |     9 |    27 |    18 ||    62
       Leather armour    |       |       |       |    10 ||    10
Dodge: Dodged            |    21 |    26 |   109 |    53 ||   209

Table legend:
 A = Spawn XP
 B = Non-spawn XP
 C = Spawn XP percentage of total XP
 D = Spawn monster count
 E = Non-spawn monster count
 F = Spawn count percentage of total count
 G = Total turns spent on level
                    A         B        C        D         E        F      G
               +---------+---------+-------+---------+---------+-------+---------
         Total |       0 |   10093 |   0.0 |       0 |     215 |   0.0 |  9004
               +---------+---------+-------+---------+---------+-------+---------
           D:1 |       0 |      53 |   0.0 |       0 |      34 |   0.0 |  1124
           D:2 |       0 |      48 |   0.0 |       0 |      18 |   0.0 |  1051
           D:3 |       0 |     426 |   0.0 |       0 |      19 |   0.0 |   922
           D:4 |       0 |     289 |   0.0 |       0 |      19 |   0.0 |   848
           D:5 |       0 |    1071 |   0.0 |       0 |      30 |   0.0 |  1569
           D:6 |       0 |     815 |   0.0 |       0 |      25 |   0.0 |   620
           D:7 |       0 |    1150 |   0.0 |       0 |      20 |   0.0 |  1041
           D:8 |       0 |    5177 |   0.0 |       0 |      44 |   0.0 |  1722
          D:11 |       0 |    1064 |   0.0 |       0 |       6 |   0.0 |   107
               +---------+---------+-------+---------+---------+-------+---------
